 Dungeon Crawl Stone Soup version 0.30-a0-622-gddc90eaa04 (webtiles) character file.

Game seed: 11059796299118174205

9 Darkkill the Shooter (level 2, -1/25 HPs)
             Began as a Minotaur Hunter on Jan 10, 2023.
             Frozen to death by an endoplasm (5 damage)
             ... on level 1 of the Dungeon.
             The game lasted 00:00:10 (86 turns).

Darkkill the Shooter (Minotaur Hunter)                Turns: 86, Time: 00:00:10

Health: -1/25      AC:  3    Str: 15    XL:     2   Next: 3%
Magic:  1/1        EV: 12    Int:  6    God:
Gold:   0          SH:  0    Dex: 13    Spells: 1/1 levels left

rFire   . . .      SeeInvis .    a - +0 shortbow
rCold   . . .      Faith    .    (shield currently unavailable)
rNeg    . . .      Spirit   .    c - +0 leather armour
rPois   .          Reflect  .    (helmet restricted)
rElec   .          Harm     .    (no cloak)
rCorr   .          Rampage  .    (no gloves)
Will    .....                    (no boots)
Stlth   +                        (no amulet)
HPRegen 0.24/turn                (no ring)
MPRegen 0.07/turn                (no ring)

@: no status effects
A: horns 2, retaliatory headbutt
a: no special abilities


You were on level 1 of the Dungeon.
You visited 1 branch of the dungeon, and saw 1 of its levels.

Inventory:

Hand Weapons
 a - a +0 shortbow (weapon)
Armour
 c - a +0 leather armour (worn)
 e - a +0 pair of boots
Scrolls
 b - a scroll of immolation
Potions
 d - a potion of curing {unknown}
 g - a potion of flight {unknown}


   Skills:
 + Level 2.6 Fighting
 + Level 4.5 Ranged Weapons
 + Level 2.4 Dodging
 + Level 1.1 Stealth


You had one spell level left.
You didn't know any spells.
Your spell library was empty.

Dungeon Overview and Level Annotations

Branches:
Dungeon (1/15)

Altars:


Innate Abilities, Weirdness & Mutations

You have a pair of horns on your head.
You reflexively headbutt those who attack you in melee.


Message History

A ball python comes into view.
There are monsters nearby!
There are monsters nearby!
You shoot an arrow. The ball python hisses angrily.
The arrow hits the ball python but does no damage.
The ball python completely misses you. The ball python closely misses you.
There are monsters nearby!
You shoot an arrow.
The arrow hits the ball python but does no damage.
The ball python bites you but does no damage.
The ball python grabs you. The ball python constricts you.
There are monsters nearby!
There are monsters nearby!
You shoot an arrow.
The arrow closely misses the ball python.
The arrow hits the giant cockroach!
You kill the giant cockroach!
The ball python bites you but does no damage.
The ball python constricts you.
The ball python bites you but does no damage.
The ball python constricts you.
You shoot an arrow. The arrow hits the ball python.
The ball python is severely wounded.
The ball python bites you. The ball python constricts you.
A ball python is nearby!
A ball python is nearby!
You shoot an arrow. The arrow hits the ball python.
You kill the ball python!
Your Stealth skill increases to level 1!
HP restored.
A ball python and a kobold come into view.
The kobold shouts!
A hobgoblin comes into view.
You shoot an arrow.
The arrow closely misses the ball python.
The hobgoblin shouts!
You hear a shout!
A goblin comes into view. It is wielding a +0 club.
You shoot an arrow.
The arrow closely misses the ball python.
There are monsters nearby!
There are monsters nearby!
You shoot an arrow. The arrow hits the ball python.
The ball python is moderately wounded.
A quokka comes into view.
A gnoll comes into view. It is wielding a +0 club.
There are monsters nearby!
You shoot an arrow. The arrow hits the ball python.
You kill the ball python!
An endoplasm comes into view.
The kobold hits you with a +0 short sword.
You shoot an arrow. The endoplasm quivers.
The arrow hits the kobold!
You kill the kobold!
There are monsters nearby!
There are monsters nearby!
You shoot an arrow.
The arrow hits the hobgoblin but does no damage.
The hobgoblin barely misses you. You furiously retaliate!
You headbutt the hobgoblin. You shoot an arrow.
The arrow barely misses the hobgoblin.
The arrow misses the quokka.
The hobgoblin closely misses you. The gnoll hits you with a +0 club.
There are monsters nearby!
You are too injured to fight recklessly!
There are monsters nearby!
You are too injured to fight recklessly!
There are monsters nearby!
You are too injured to fight recklessly!
There are monsters nearby!
You shoot an arrow. The arrow hits the hobgoblin.
You kill the hobgoblin!
The quokka misses you. The gnoll closely misses you.
The quokka barely misses you. The goblin misses you.
The gnoll hits you with a +0 club.
You shoot an arrow. The arrow hits the goblin!
You kill the goblin!
The quokka bites you but does no damage.
The gnoll barely misses you.
You have reached level 2!
The gnoll attacks as you move away! The gnoll completely misses you.
As you read the scroll labelled GYREH GOPI, it crumbles to dust.
It is a scroll of amnesia.
You feel forgetful for a moment. The quokka bites you.
* * * LOW HITPOINT WARNING * * *
The endoplasm freezes you.
You are frozen.
* * * LOW HITPOINT WARNING * * *
The quokka bites you.
* * * LOW HITPOINT WARNING * * *
As you read the scroll labelled ZACVAR MISIH, it crumbles to dust.
You hear a loud clanging noise!
It was a scroll of noise.
You hear an angry hiss. x2
The endoplasm barely misses you. The quokka barely misses you.
The quokka bites you but does no damage.
The endoplasm freezes you.
You are frozen.
You die...

##### ##≈############
###....
#.~...........####......
#..~..#.####....##....###
...~. #.@.####......####.
###≈ ##rJ..####..####...
# ##.....######.....
#..†)....### #.....
#.......####..####...
##....### .....####.
....### .......### .....
#...... ..#... ####...


You could see an endoplasm and a quokka.

Vanquished Creatures
  A giant cockroach (D:1)
  A goblin (D:1)
  2 hobgoblins (D:1)
  A kobold (D:1)
  2 ball pythons (D:1)
  A rat (D:1)
8 creatures vanquished.

Notes
Turn   | Place    | Note
-------+----------+-------------------------------------------
     0 | D:1      | Darkkill the Minotaur Hunter began the quest for the Orb.
     0 | D:1      | Reached XP level 1. HP: 18/18 MP: 0/0
    69 | D:1      | Reached skill level 1 in Stealth
    82 | D:1      | Reached XP level 2. HP: 11/25 MP: 1/1
    83 | D:1      | HP: 5/25 [frozen (2)]
    86 | D:1      | Frozen to death by an endoplasm

Illustrated notes

Levels and vault maps discovered:
D:1:      dpeg_arrival_long_road, layout_loops_ring, serial_rivers,
          chequers_serial_rivers_small_3, chequers_serial_rivers_micro_a,
          chequers_serial_rivers_micro_c, chequers_serial_rivers_micro_d,
          chequers_serial_rivers_micro_e, chequers_ecumenical_altar_simple,
          minmay_crystal_room, minmay_misc_feat_x

Skill      XL: |  1 |
---------------+----+-----
Stealth        | 1 |  1.1
Fighting       | |  2.6
Ranged Weapons | |  4.5
Dodging        | |  2.4

Action                   || total
-------------------------++-------
 Fire: Shortbow          ||    17
  Use: Scroll            ||     2
Armor: Leather armour    ||     5
Dodge: Dodged            ||    12

Table legend: (Time is in decaauts)
 A = Elapsed time spent in this place.
 B = Non-inter-level travel time spent in this place.
 C = Inter-level travel time spent in this place.
 D = Time resting spent in this place.
 E = Time spent auto-exploring this place.
 F = Levels seen in this place.
 G = Mean time per level.
                   A        B        C        D        E       F      G
               +--------+--------+--------+--------+--------+-----+--------+
         Total |     91 |     91 |      0 |      0 |     56 |   1 |   91.0 |
       Dungeon |     91 |     91 |      0 |      0 |     56 |   1 |   91.0 |
               +--------+--------+--------+--------+--------+-----+--------+

Top non-repeatable levels by time:
     D:1: 91 daAuts

Table legend:
 A = Kills in this place as a percentage of kills in entire the game.
 B = Kills by you in this place as a percentage of kills by you in the entire game.
 C = Kills by friends in this place as a percentage of kills by friends in the entire game.
 D = Other kills in this place as a percentage of other kills in the entire game.
 E = Experience gained in this place as a percentage of experience gained in the entire game.
 F = Experience gained in this place divided by the number of levels of this place that you have seen.
                   A       B       C       D       E      F
               +-------+-------+-------+-------+-------+----------------------
         Total | 100.0 | 100.0 |   N/A |   N/A | 100.0 |  13.0
       Dungeon | 100.0 | 100.0 |   N/A |   N/A | 100.0 |  13.0
               +-------+-------+-------+-------+-------+----------------------
